 Dungeon Crawl Stone Soup version 0.22-a0-412-g2b68d14 (webtiles) character file.

10152 grindst0ne the Fighter (level 11, 0/139 HPs)
             Began as a Human Artificer on May 12, 2018.
             Was a Follower of Ashenzari.
             Succumbed to a guardian serpent's bolt of poison
             ... on level 10 of the Dungeon.
             The game lasted 00:36:35 (15076 turns).

grindst0ne the Fighter (Human Artificer)           Turns: 15076, Time: 00:36:35

Health: 0/139      AC: 27    Str: 14    XL:     11   Next: 87%
Magic:  16/16      EV:  2    Int: 13    God:    Ashenzari [*.....]
Gold:   417        SH: 12    Dex: 14    Spells: 10/10 levels left

rFire    . . .     SeeInvis .   O - +2 dagger (venom) (curse)
rCold    . . .     Gourm    .   s - +0 shield
rNeg     + + +     Faith    .   (armour currently unavailable)
rPois    +         Spirit   .   (helmet currently unavailable)
rElec    .         Reflect  .   (cloak currently unavailable)
rCorr    .         Harm     .   (gloves currently unavailable)
MR       .....     NoTele   +   (boots currently unavailable)
Stlth    ++........             o - amulet of magic regeneration
HPRegen  0.33/turn              w - +2 ring of protection
MPRegen  0.40/turn              (no ring)

@: lethally poisoned (0 -> -5), tree-form (expiring), slowed, very slow
A: no striking features
a: Curse Item, Scrying, Renounce Religion


You were on level 10 of the Dungeon.
You worshipped Ashenzari.
Ashenzari was aware of your devotion.
You were not hungry.
You were a tree.
You visited 2 branches of the dungeon, and saw 11 of its levels.

You collected 485 gold pieces.
You spent 68 gold pieces at shops.

Inventory:

Hand Weapons
 c - the +5 flail of Xikiegga {flame, rPois rC- rN+}
   (You found it on level 8 of the Dungeon)

   It has been specially enchanted to burn those struck by it, causing extra
   injury to most foes and up to half again as much damage against particularly
   susceptible opponents.
   It makes you vulnerable to cold.
   It protects you from poison.
   It protects you from negative energy.
 h - a +3 war axe
 O - a cursed +2 dagger of venom (weapon)
Missiles
 i - 2 exploding tomahawks (quivered)
 n - 7 tomahawks
 p - 4 tomahawks of returning
 t - 40 poisoned needles
Armour
 e - a +0 scale mail (melded)
 k - a +0 chain mail
 s - a +0 shield (worn)
 D - a +0 plate armour
 H - a cursed scarf of spirit shield (melded)
 K - a +2 hat (melded)
 N - a cursed +2 pair of gloves (melded)
Jewellery
 l - an uncursed ring of ice
 o - an amulet of magic regeneration (around neck)
 w - a +2 ring of protection (left branch)
Wands
 d - a wand of enslavement (9)
Scrolls
 a - a scroll of vulnerability {unknown}
 g - 2 scrolls of immolation {unknown}
 m - 5 scrolls of teleportation
 r - 2 scrolls of magic mapping {unknown}
 u - a scroll of fog {unknown}
 y - 4 scrolls of enchant armour
 B - a scroll of identify
 C - a scroll of amnesia {unknown}
 J - a scroll of acquirement {unknown}
 M - 3 scrolls of enchant weapon {unknown}
Potions
 j - a potion of degeneration
 q - 4 potions of lignification
 v - 2 potions of flight
 z - 4 potions of brilliance
 A - a potion of magic
 E - a potion of mutation
Comestibles
 f - 18 rations


   Skills:
 - Level 11.0 Fighting
 - Level 1.0 Short Blades
 - Level 3.0 Axes
 + Level 3.6 Armour
 + Level 4.3 Dodging
 - Level 1.0 Stealth
 - Level 11.0 Shields
 - Level 6.7 Evocations


You had 10 spell levels left.
You didn't know any spells.
Your spell library contained the following spells:

 Spells                   Type           Power        Failure   Level  Hunger
 Magic Dart               Conj           #...         45%         1    ##.....
 Fireball                 Conj/Fire      #.........   100%        5    ######.
 Conjure Flame            Conj/Fire      #.......     83%         3    ####...
 Bolt of Magma            Conj/Fire/Erth #.........   100%        5    ######.
 Confuse                  Hex            #.......     83%         3    ####...
 Throw Flame              Conj/Fire      #.....       61%         2    ###....
 Venom Bolt               Conj/Pois      #.........   100%        5    ######.
 Summon Small Mammal      Summ           #...         45%         1    ##.....
 Iskenderun's Mystic Bla  Conj           #.......     99%         4    #####..
 Sticky Flame             Conj/Fire      #.......     99%         4    #####..
 Summon Ice Beast         Ice/Summ       #.......     99%         4    #####..
 Call Imp                 Summ           #.......     61%         2    ###....
 Tukima's Dance           Hex            #.......     83%         3    ####...
 Iron Shot                Conj/Erth      #.........   100%        6    #######
 Flame Tongue             Conj/Fire      #....        45%         1    ##.....
 Call Canine Familiar     Summ           #.......     83%         3    ####...
 Ensorcelled Hibernation  Hex/Ice        #.....       61%         2    ###....
 Corona                   Hex            #......      45%         1    ##.....
 Orb of Destruction       Conj           #.........   100%        7    #######
 Inner Flame              Hex/Fire       #.......     83%         3    ####...
 Iskenderun's Battlesphe  Conj/Chrm      #.......     100%        5    ######.
 Fulminant Prism          Conj/Hex       #.........   99%         4    #####..
 Dazzling Spray           Conj/Hex       #.....       83%         3    ####...
 Force Lance              Conj/Tloc      #.......     99%         4    #####..
 Searing Ray              Conj           #.....       61%         2    ###....
 Summon Lightning Spire   Summ/Air       #.......     99%         4    #####..
 Summon Guardian Golem    Hex/Summ       #.......     83%         3    ####...
 Spellforged Servitor     Conj/Summ      #.........   100%        7    #######


Dungeon Overview and Level Annotations

Branches:
Dungeon (10/15)            Temple (1/1) D:7
   Lair: D:8-11         Orc: D:9-12

Altars:
Ashenzari
Cheibriados
Dithmenos
Elyvilon
Fedhas
Gozag
Hepliaklqana
Kikubaaqudgha
Makhleb
Nemelex Xobeh
Okawaru
Qazlal
Ru
Sif Muna
Trog
Uskayaw
Vehumet
Wu Jian
Xom
Yredelemnul
Zin
The Shining One

Shops:
D:9 :!}[

Annotations:
D:4 exclusion: downstairs
D:9 exclusion: downstairs


Message History

The guardian serpent is moderately wounded.
You feel sick.
You block the guardian serpent's attack.
The guardian serpent hits you but does no damage.
You hit the guardian serpent but do no damage.
The guardian serpent is moderately wounded.
Your transformation is almost over.
You feel sick. The guardian serpent hits you!
* * * LOW HITPOINT WARNING * * *
You block the guardian serpent's attack.
You hit the guardian serpent but do no damage.
The guardian serpent is heavily wounded.
* * * LOW HITPOINT WARNING * * *
You feel sick.
You block the guardian serpent's attack.
The guardian serpent hits you but does no damage.
You hit the guardian serpent but do no damage.
The guardian serpent looks as sick as possible!
The guardian serpent is heavily wounded.
You die...

..'..# ..#..# ....## ###..#
.....# .....# .....# .....#
.....##
#....###############.......
#..........................
#..........................
#...............♣S.........
'.........##########.!.....
#......... .......
#......... .......
#......... .......
#......... .......
.......... .......
.......... .......
..#######


You could see a guardian serpent.

Vanquished Creatures
  3 two-headed ogres
  2 death yaks (D:10)
  Pikel (D:8)
  A guardian serpent (D:10)
  A troll (D:8)
  A queen bee (D:9)
  A hippogriff (D:7)
  The ghost of Dargar the Bolt Thrower, an amateur KoHu of Trog (D:5)
  A hungry ghost (D:8)
  Edmund (D:5)
  A water moccasin (D:10)
  A porcupine (D:10)
  Duvessa (D:4)
  A hornet zombie (D:7)
  An orc warrior (D:9)
  2 ice beasts
  A black bear (D:6)
  2 slaves (D:8)
  A necrophage (D:9)
  4 ogres
  A crocodile (D:10)
  7 centaurs
  A big kobold (D:9)
  A bullfrog (D:7)
  Dowan (D:4)
  A wyvern zombie (D:6)
  A scorpion (D:4)
  15 killer bees (D:9)
  14 wights
  A howler monkey (D:6)
  A centaur zombie (D:3)
  4 crimson imps
  A bullfrog zombie (D:6)
  A gnoll shaman (D:7)
  5 hounds
  A jelly (D:8)
  6 orc priests
  10 orc wizards
  A centaur skeleton (D:10)
  4 iguanas
  A hell rat (D:10)
  6 worker ants
  A killer bee zombie (D:6)
  9 gnolls
  10 adders
  A river rat (D:9)
  3 shadow imps
  2 oozes
  A worm (D:5)
  A dart slug (D:2)
  3 leopard geckos
  21 orcs
  8 giant cockroaches
  6 goblins
  3 hobgoblins
  8 jackals
  6 quokkas
  6 ball pythons
  4 bats
  6 frilled lizards
  5 kobolds
  A leopard gecko zombie (D:6)
  2 quokka zombies
  10 rats
229 creatures vanquished.

Vanquished Creatures (others)
  A two-headed ogre (D:9)
  A slave (D:8)
2 creatures vanquished.

Grand Total: 231 creatures vanquished

Notes
Turn   | Place    | Note
-------+----------+-------------------------------------------
     0 | D:1      | grindst0ne the Human Artificer began the quest for the Orb.
     0 | D:1      | Reached XP level 1. HP: 15/15 MP: 3/3
   152 | D:1      | Reached XP level 2. HP: 14/21 MP: 4/4
   958 | D:1      | Reached XP level 3. HP: 27/27 MP: 5/5
  1232 | D:2      | Found an ornate altar of the Wu Jian Council.
  1441 | D:2      | Found a bloodstained altar of Trog.
  1702 | D:3      | Reached XP level 4. HP: 31/34 MP: 6/6
  1741 | D:3      | Reached skill level 1 in Shields
  2098 | D:3      | Reached XP level 5. HP: 40/40 MP: 8/8
  2197 | D:3      | Noticed an ogre
  2475 | D:3      | Killed an ogre
  2475 | D:3      | Reached skill level 1 in Axes
  2475 | D:3      | Reached XP level 6. HP: 9/47 MP: 9/9
  4163 | D:3      | Reached XP level 7. HP: 12/53 MP: 10/10
  4725 | D:4      | Found a bloodstained altar of Trog.
  4746 | D:4      | Noticed Dowan
  4747 | D:4      | Noticed Duvessa
  4780 | D:4      | Killed Duvessa
  4780 | D:4      | Reached skill level 5 in Evocations
  4781 | D:4      | Killed Dowan
  5283 | D:4      | Reached XP level 8. HP: 44/61 MP: 10/12
  5609 | D:5      | Entered Level 5 of the Dungeon
  5609 | D:5      | Noticed a two-headed ogre
  5908 | D:5      | Noticed Edmund
  5915 | D:5      | Noticed Dargar's ghost (amateur KoHu)
  5930 | D:5      | Killed Edmund
  5930 | D:5      | Reached skill level 5 in Fighting
  6696 | D:5      | Killed a two-headed ogre
  6696 | D:5      | Reached skill level 5 in Shields
  6696 | D:5      | Reached XP level 9. HP: 27/69 MP: 12/14
  7699 | D:5      | Killed Dargar's ghost
  9077 | D:7      | Noticed a hippogriff
  9093 | D:7      | Killed a hippogriff
  9093 | D:7      | Reached XP level 10. HP: 58/80 MP: 13/15
  9638 | D:7      | Found a staircase to the Ecumenical Temple.
  9659 | D:7      | Found a shadowy altar of Dithmenos.
  9673 | Temple   | Entered the Ecumenical Temple
  9860 | Temple   | Became a worshipper of Ashenzari the Shackled
 10918 | D:8      | Got the flail of Xikiegga {flame, rPois rC- rN+}
 10919 | D:8      | Identified the +5 flail of Xikiegga {flame, rPois rC- rN+} (You found it on level 8 of the Dungeon)
 11163 | D:8      | Noticed Pikel
 11199 | D:8      | Killed Pikel
 11351 | D:8      | Found a burning altar of Makhleb.
 11529 | D:8      | Noticed a two-headed ogre
 11541 | D:8      | Killed a two-headed ogre
 11658 | D:8      | Noticed a two-headed ogre
 11692 | D:8      | Found a glowing golden altar of the Shining One.
 11692 | D:8      | Found a sacrificial altar of Ru.
 11910 | D:9      | Reached skill level 10 in Fighting
 11960 | D:9      | Found Ecruylich's Book Shop.
 11986 | D:9      | Noticed a two-headed ogre
 12013 | D:9      | Reached XP level 11. HP: 25/91 MP: 8/16
 12018 | D:9      | Reached skill level 10 in Shields
 12218 | D:8      | Killed a two-headed ogre
 12542 | D:9      | Found Ohoimaf's Distillery.
 13208 | D:9      | Found Tadway's Gadget Shoppe.
 13218 | D:9      | Found Docvaj's Armour Boutique.
 13227 | D:9      | Bought a +0 scale mail for 68 gold pieces
 13295 | D:9      | Found a bloodstained altar of Trog.
 13424 | D:10     | Entered Level 10 of the Dungeon
 13424 | D:10     | Reached * piety under Ashenzari
 13424 | D:10     | Noticed a death yak
 13483 | D:9      | Reached skill level 1 in Armour
 14684 | D:10     | Noticed a death yak
 14686 | D:10     | Noticed a death yak
 14700 | D:10     | Killed a death yak
 14728 | D:10     | Killed a death yak
 14738 | D:10     | HP: 4/139 [death yak (4)]
 14747 | D:10     | HP: 3/93 [shadow imp/nerve-wracking pain (2)]
 15074 | D:10     | HP: 2/139 [guardian serpent (14)]
 15076 | D:10     | Succumbed to a guardian serpent's bolt of poison

Vault maps used:
D:1:      minmay_arrival_hallway
D:2:      nicolae_overflow_crystal_walls, old_standard_altar,
          serial_bayou_lagoon_b
D:3:      saegor_snake_ambush
D:4:      first_ration, st_stairs_9, bloody_trog, uniq_duvessa
D:5:      kennysheep_dice, uniq_edmund
D:6:      dk_vineyard_2
D:7:      grunt_dithmenos_smoke, minmay_temple_entry_butterflies
D:8:      lemuel_crystal_altar, gammafunk_temple_overflow_elements, uniq_pikel
D:9:      serial_shops, shop, nicolae_shop_behind_doors, shop, shop,
          david_nohive_1, trog_butcher_becter
D:10:     nrook_guardian_serpent_snake_passage, dpeg_lair_monsters
Temple:   nicolae_temple_elliptical

Skill      XL: |  1  2  3  4  5  6  7  8  9 10 11 |
---------------+----------------------------------+-----
Fighting       | 2 3 4 6 8 10 11 | 11.0
Shields        | 1 2 3 5 7 9 11 | 11.0
Evocations     | 4 5 6 |  6.7
Axes           | 1 2 3 |  3.0
Armour         | 3 |  3.6
Dodging        | 4 |  4.3
Short Blades   | |  1.0
Stealth        | |  1.0

Action                   |  1- 3 |  4- 6 |  7- 9 | 10-12 || total
-------------------------+-------+-------+-------+-------++-------
Melee: Short sword       |   137 |   211 |    55 |       ||   403
       Dagger            |       |       |   413 |   667 ||  1080
       War axe           |       |       |       |    61 ||    61
Throw: Throwing net      |       |       |     2 |       ||     2
Invok: Curse Item        |       |       |       |     3 ||     3
Evoke: Wand              |       |    13 |    30 |    27 ||    70
  Use: Potion            |       |       |     6 |     8 ||    14
       Scroll            |       |       |    11 |     5 ||    16
 Stab: Sleeping          |     1 |       |       |       ||     1
       Paralysed         |       |       |       |     8 ||     8
       Invisible         |       |       |       |     2 ||     2
  Eat: Chunk             |     3 |     8 |    12 |    14 ||    37
       Ration            |       |       |     1 |     5 ||     6
Armor: Leather armour    |     2 |       |       |       ||     2
       Ring mail         |    40 |    92 |   224 |   213 ||   569
       Scale mail        |       |       |       |    52 ||    52
       Skin              |       |       |       |    18 ||    18
Dodge: Dodged            |    91 |   148 |   236 |   278 ||   753
Block: Shield            |       |       |       |   284 ||   284

Table legend:
 A = Spawn XP
 B = Non-spawn XP
 C = Spawn XP percentage of total XP
 D = Spawn monster count
 E = Non-spawn monster count
 F = Spawn count percentage of total count
 G = Total turns spent on level
                    A         B        C        D         E        F      G
               +---------+---------+-------+---------+---------+-------+---------
         Total |       0 |   14503 |   0.0 |       0 |     228 |   0.0 | 15076
               +---------+---------+-------+---------+---------+-------+---------
           D:1 |       0 |      36 |   0.0 |       0 |      22 |   0.0 |  1206
           D:2 |       0 |      26 |   0.0 |       0 |      14 |   0.0 |   489
           D:3 |       0 |     373 |   0.0 |       0 |      25 |   0.0 |  2622
           D:4 |       0 |     789 |   0.0 |       0 |      24 |   0.0 |  2280
           D:5 |       0 |    1345 |   0.0 |       0 |      12 |   0.0 |  1163
           D:6 |       0 |    1349 |   0.0 |       0 |      32 |   0.0 |  1455
           D:7 |       0 |     783 |   0.0 |       0 |      16 |   0.0 |  1219
           D:8 |       0 |    3470 |   0.0 |       0 |      19 |   0.0 |  1531
           D:9 |       0 |    3209 |   0.0 |       0 |      50 |   0.0 |  1637
          D:10 |       0 |    3123 |   0.0 |       0 |      14 |   0.0 |  1252
               +---------+---------+-------+---------+---------+-------+---------
